 Dungeon Sprint DCSS version 0.17-a0-1691-g18a3847 (webtiles) character file.

107 Kidiri the Covert (level 4, -4/23 HPs)
             Began as a Spriggan Enchanter on Aug 20, 2015.
             Slain by a shadow (13 damage)
             ... in the Dungeon (Sprint III: "The Ten Rune Challenge").
             The game lasted 00:03:05 (848 turns).

Kidiri the Covert (Spriggan Enchanter)               Turns: 848, Time: 00:03:05

Health: -4/23      AC:  3    Str:  4    XL:     4   Next: 57%
Magic:  1/12       EV: 22    Int: 16    God:
Gold:   17         SH:  0    Dex: 17    Spells: 5 memorised, 2 levels left

rFire  + . .     SeeInvis +     a - +1 dagger
rCold  . . .     Clarity  .     b - +1 robe
rNeg   . . .     SustAt   .     (shield restricted)
rPois  +         Gourm    .     (helmet restricted)
rElec  .         Spirit   .     (no cloak)
rCorr  .         Warding  .     (gloves unavailable)
rMut   .         NoTele   +     (boots unavailable)
MR     .....                    (no amulet)
Stlth  +++++.....               (no ring)
                                (no ring)

@: very slightly contaminated, very quick, not resistant to hostile
enchantments, quite stealthy
A: unfitting armour, see invisible, fire resistance 1, herbivore 3, speed 3,
poison resistance, robust 1, slow metabolism 2, spit poison 1, subdued magic 1
a: Spit Poison


You were in the Dungeon.
You were not hungry.

You visited 1 branch You collected 17 gold pieces.

Inventory:

Hand weapons
 a - a +1 dagger (weapon)
Armour
 b - a +1 robe (worn)
Scrolls
 j - a scroll of blinking
 k - a scroll of random uselessness {unknown}
 m - a scroll of holy word {unknown}
 o - 4 scrolls of remove curse
 q - a scroll of immolation {unknown}
Potions
 e - 2 potions of curing
 g - a potion of haste
 h - 2 potions of magic
 i - a potion of berserk rage
 p - a potion of cure mutation
 r - a potion of lignification
 s - a potion of flight
Comestibles
 d - 3 bread rations


   Skills:
 + Level 3.5 Short Blades
 * Level 6.9 Dodging
 * Level 8.3 Stealth
 * Level 5.8 Spellcasting
 + Level 0.0 Conjurations
 + Level 5.1 Hexes
 + Level 1.4 Ice Magic


You had 2 spell levels left.
You knew the following spells:

 Your Spells              Type           Power        Failure   Level  Hunger
a - Corona                Hex            ##.....      1%          1    None
b - Ensorcelled Hibernat  Hex/Ice        ##....       3%          2    #......
c - Confuse               Hex            ##......     2%          3    ##.....
d - Tukima's Dance        Hex            ##......     2%          3    ##.....
e - Dazzling Spray        Conj/Hex       #.......     7%          3    ##.....


Dungeon Overview and Level Annotations

Branches:
Dungeon (1/1)

Altars:


Innate Abilities, Weirdness & Mutations

You are tiny and cannot use many weapons and most armour.
You have supernaturally acute eyesight.
You are a herbivore.
You cover ground extremely quickly.
You need consume almost no food.
Your flesh is heat resistant.
Your system is resistant to poisons.
You are robust (+10% HP).
You can spit weak poison.
Your spells are a little easier to cast, but a little less powerful.


Message History

You hit the shadow but do no damage.
The shadow is almost destroyed.
The shadow hits you!
You hit the shadow but do no damage.
The shadow is almost destroyed.
The shadow hits you.
You hit the shadow but do no damage.
The shadow is almost destroyed.
The shadow slips into darkness.
The shadow flickers and vanishes for a moment.
You hit the shadow but do no damage.
The shadow is almost destroyed.
You hit the shadow but do no damage.
The shadow is almost destroyed.
The shadow closely misses you.
You hit the shadow.
The shadow is almost destroyed.
The shadow hits you!
Ouch! That really hurt!
You die...

▓▓▓▓▓▓▓▓▓▓▓▓ ▓▓▓
▓<.#..+....♣♣♣ ♣.#
▓..#..#....♣.♣ ♣♣.#
▓#@####....♣.♣ ♣..#
▓..W..#....≈♣♣♣♣..#
▓.....#...≈≈...♣..#
▓....(#..≈≈≈≈♣....'
▓####'#..≈≈≈≈≈≈.♣.#
▓.....#.≈≈≈≈≈≈....#
▓...[.#.≈≈≈≈≈.....#
▓.....#.≈≈≈.......#
▓'#####...........#


You could see a shadow (invisible).

Vanquished Creatures
  A water elemental (D)
  Jessica (D)
  A human (D)
  An ooze (D)
  A phantom (D)
  2 rats (D)
7 creatures vanquished.

Vanquished Creatures (others)
  2 draconian scorchers (D)
  2 fire drakes (D)
  A yaktaur (D)
  4 plants (D)
9 creatures vanquished.

Grand Total: 16 creatures vanquished

Notes
Turn   | Place    | Note
--------------------------------------------------------------
     0 | D        | Kidiri the Spriggan Enchanter began the quest for the Orb.
     0 | D        | Reached XP level 1. HP: 9/9 MP: 5/5
    10 | D        | Reached skill level 5 in Stealth
    46 | D        | Killed a yaktaur
    66 | D        | Killed a fire drake
   140 | D        | Noticed Jessica
   143 | D        | Killed Jessica
   143 | D        | Reached skill level 5 in Dodging
   143 | D        | Reached skill level 6 in Stealth
   143 | D        | Reached XP level 2. HP: 13/13 MP: 6/8
   143 | D        | Reached XP level 3. HP: 16/16 MP: 6/9
   153 | D        | Learned a level 2 spell: Ensorcelled Hibernation
   157 | D        | Learned a level 3 spell: Confuse
   161 | D        | Learned a level 3 spell: Tukima's Dance
   165 | D        | Killed a fire drake
   186 | D        | Killed a white draconian scorcher
   193 | D        | Reached skill level 7 in Stealth
   235 | D        | Killed a white draconian scorcher
   667 | D        | Gained mutation: You are robust (+10% HP). [potion of mutation]
   667 | D        | Gained mutation: You can spit weak poison. [potion of mutation]
   667 | D        | Gained mutation: Your system is resistant to poisons. [potion of mutation]
   668 | D        | Gained mutation: Your spells are a little easier to cast, but a little less powerful. [potion of mutation]
   668 | D        | Gained mutation: Your flesh is heat resistant. [potion of mutation]
   750 | D        | Noticed a water elemental
   752 | D        | Killed a water elemental
   752 | D        | Reached skill level 8 in Stealth
   752 | D        | Reached skill level 5 in Spellcasting
   752 | D        | Reached skill level 5 in Hexes
   752 | D        | Reached skill level 1 in Ice Magic
   752 | D        | Reached XP level 4. HP: 23/23 MP: 10/12
   757 | D        | Learned a level 3 spell: Dazzling Spray
   771 | D        | Noticed a jelly
   772 | D        | Noticed a shadow
   848 | D        | Slain by a shadow

Vault maps used:
D:        dungeon_sprint_mu

Action                   |  1- 3 |  4- 6 || total
-------------------------+-------+-------++-------
Melee: Dagger            |    19 |    12 ||    31
 Cast: Confuse           |     6 |       ||     6
       Ensorcelled Hiber |     1 |       ||     1
       Corona            |     1 |       ||     1
       Dazzling Spray    |       |     5 ||     5
  Use: Scroll            |     3 |       ||     3
       Potion            |     2 |     1 ||     3
 Stab: Sleeping          |     4 |       ||     4
